Map: Ley Lines

Players

ManlyManMeat

  • Race: Zerg Zerg
  • League: Diamond
  • Spawn Location: 7:00

Armack - Winner!

  • Race: Terran Terran
  • League: Diamond
  • Spawn Location: 1:00

VOD

Have the link to the VOD?

Description

Time

  • Played on: July 4, 2025, 8:20 a.m.
  • Length: 6:41
Show
View Real Time Build Order
Export as new Build Order

ManlyManMeat Zerg 

Build Orders: Hatch First 

Get SALT Encoding   

  12  0:00  Drone  
  13  0:08  Drone  
  14  0:15  Drone, Extractor  
  15  0:22  Overlord  
  15  0:44  Hatchery  
  15  0:46  Drone  
  15  0:52  Drone  
  15  0:54  Drone  
  17  0:58  Drone  
  18  1:09  Extractor  
  17  1:13  Spawning Pool  
  17  1:17  Drone  
  17  1:22  Drone  
  18  1:29  Drone  
  19  1:39  Drone  
  20  2:00  Queen  
  20  2:01  Queen  
  24  2:02  Zergling x4  
  24  2:04  Overlord  
  26  2:12  Drone  
  26  2:13  Drone  
  28  2:16  Metabolic Boost  
  28  2:26  Drone x2  
  30  2:36  Drone  
  30  2:37  Drone  
  32  2:55  Overlord x3  
  31  3:02  Hatchery  
  30  3:22  Spine Crawler  
  30  3:24  Drone x3  
  30  3:25  Spine Crawler  
  31  3:28  Roach Warren  
  31  3:31  Drone  
  31  3:32  Drone, Extractor  
  31  3:36  Drone  
  32  4:12  Lair  
  32  4:15  Queen  
  32  4:16  Queen  
  36  4:19  Drone x5  
  36  4:20  Baneling Nest  
  39  4:26  Drone  
  39  4:27  Drone x2  
  39  4:29  Drone  
  43  4:34  Drone  
  43  4:36  Drone x2  
  46  4:41  Zergling x4  
  46  4:44  Zergling x2  
  49  4:45  Zergling x2  
  49  4:47  Zergling x2  
  49  4:50  Zergling x2  
  52  5:11  Centrifugal Hooks  
  52  5:14  Overlord x3  
  52  5:16  Evolution Chamber  
  49  5:53  Zergling x2  
  49  5:54  Zergling x24  
  60  5:58  Zergling x2  
  60  5:59  Zergling x18  
Show
View Real Time Build Order
Export as new Build Order

Armack Terran - Winner!

Build Orders:  

Get SALT Encoding   

  12  0:00  SCV  
  13  0:15  Supply Depot  
  13  0:17  SCV  
  14  0:29  SCV  
  15  0:38  Barracks  
  15  0:42  Refinery  
  15  0:44  SCV  
  16  0:56  SCV  
  17  1:08  SCV  
  18  1:20  SCV  
  18  1:25  Barracks Reactor  
  19  1:32  Orbital Command  
  19  1:43  Command Center  
  19  1:58  SCV  
  20  2:02  Marine x2  
  22  2:10  SCV  
  23  2:19  Factory  
  23  2:25  Supply Depot  
  23  2:46  Marine x2, SCV  
  26  2:58  Orbital Command  
  25  3:00  SCV  
  25  3:04  Marine x2  
  25  3:05  Hellion, Starport, Refinery  
  30  3:22  Marine  
  31  3:30  SCV  
  31  3:32  Hellion  
  34  3:35  Orbital Command  
  34  3:43  Fusion Core  
  34  3:51  Marine x2  
  34  3:54  Supply Depot, Medivac  
  34  3:55  Supply Depot  
  38  4:03  SCV  
  38  4:09  Marine x2  
  41  4:20  Command Center  
  41  4:30  Supply Depot  
  41  4:31  SCV  
  41  4:35  Marine x2  
  41  4:37  Factory Tech Lab  
  41  4:38  Weapon Refit  
  44  4:48  SCV  
  44  4:51  SCV  
  46  4:53  Supply Depot  
  46  4:56  Supply Depot  
  46  5:20  Refinery  
  46  5:24  Battlecruiser  
  52  5:49  SCV  
  53  6:01  Marine, SCV  
  57  6:04  Hellion x2  
  59  6:13  SCV  
  59  6:14  Armory  
  59  6:19  Marine  
  62  6:25  SCV  
  62  6:29  SCV  
Tags
 
Matchup
TvZ
Replay Pack
Myownreplay2
Spawn Locations
Cross Positions
Add a new tag
Caveats
  • Supply blocks, unpowered buildings, or Contaminate may cause inaccurate times.
  • Supply counts are checked every 10 seconds.